 Dungeon Crawl Stone Soup version 0.30.1-11-g7821555f0a (webtiles) character file.

Game seed: 1299051885263564424

7507 Peloso the Carver (level 10, -7/90 HPs)
             Began as a Minotaur Fighter on Dec 17, 2023.
             Was a High Priest of Okawaru.
             Mangled by a sixfirhy (11 damage)
             ... summoned by a kobold demonologist
             ... on level 9 of the Dungeon.
             The game lasted 00:15:18 (9089 turns).

Peloso the Carver (Minotaur Fighter)                Turns: 9089, Time: 00:15:18

Health: -7/90      AC: 17    Str: 21    XL:     10   Next: 95%
Magic:  9/9        EV:  7    Int:  5    God:    Okawaru [*****.]
Gold:   514        SH: 12    Dex: 14    Spells: 9/9 levels left

rFire   + . .        a - +1 long sword
rCold   . . .        d - +0 buckler
rNeg    + . .        v - +0 plate armour
rPois   .            (helmet restricted)
rElec   .            (no cloak)
rCorr   .            c - +0 pair of gloves
SInv    .            B - +0 pair of boots
Will    .....        h - amulet of reflection Stlth
                     q - ring of protection from fire
HPRegen 0.35/turn    m - ring of positive energy
MPRegen 0.11/turn

%: reflection
@: lethally poisoned (-7 -> -18), weakened, studying Shields
A: horns 2, retaliatory headbutt
a: Renounce Religion, Heroism, Finesse, Duel


You were on level 9 of the Dungeon.
You worshipped Okawaru.
Okawaru was extremely pleased with you.
You visited 2 branches of the dungeon, and saw 11 of its levels.

You collected 514 gold pieces.

Inventory:

Hand Weapons
 a - a +1 long sword (weapon)
Armour
 b - a +0 scale mail
 c - a +0 pair of gloves (worn)
 d - a +0 buckler (worn)
 j - the +1 chain mail of Indecent Exposure {rN+}
   (You took it off an orc on level 7 of the Dungeon)

   rN:        It protects you from negative energy.
 v - a +0 plate armour (worn)
 B - a +0 pair of boots (worn)
 G - +0 swamp dragon scales
Jewellery
 h - an amulet of reflection (around neck)
 i - a ring of fire
 m - a ring of positive energy (right hand)
 o - an amulet of faith
 q - a ring of protection from fire (left hand)
 w - an amulet of guardian spirit
 y - an amulet of regeneration
Wands
 n - a wand of polymorph (35)
 A - a wand of light (6)
 F - a wand of paralysis (17)
Scrolls
 f - 2 scrolls of magic mapping
 g - a scroll of amnesia {unknown}
 k - 4 scrolls of fog
 r - a scroll of acquirement {unknown}
 x - a scroll of vulnerability {unknown}
 z - 2 scrolls of immolation
 C - 2 scrolls of poison {unknown}
 H - a scroll of noise {unknown}
Potions
 e - a potion of might
 l - a potion of brilliance
 p - a potion of cancellation
 s - 3 potions of flight
 t - a potion of haste
 u - 5 potions of curing
 D - a potion of mutation
 E - a potion of magic {unknown}


   Skills:
 + Level 8.4 Fighting
 + Level 12.8 Long Blades
 + Level 10.5 Armour
 + Level 3.0 Dodging
 + Level 0.5 Stealth
 + Level 11.1 Shields
 + Level 0.3 Invocations


You had 9 spell levels left.
You didn't know any spells.
Your spell library contained the following spells:

 Spells                   Type           Power      Damage    Failure   Level
 Kiss of Death            Conj/Necr      0%         2d5       100%        1
 Magic Dart               Conj           0%         1d3       100%        1
 Confusing Touch          Hex            0%         N/A       100%        3
 Mephitic Cloud           Conj/Pois/Air  0%         N/A       100%        3
 Dispel Undead            Necr           0%         3d6       100%        4
 Borgnjor's Vile Clutch   Necr/Erth      0%         N/A       100%        5
 Call Imp                 Summ           Unusable   N/A       N/A         2
 Animate Dead             Necr           Unusable   N/A       N/A         4
 Death Channel            Necr           Unusable   N/A       N/A         6

Dungeon Overview and Level Annotations

Branches:
Dungeon (10/15)            Temple (1/1) D:4
   Lair: D:8-11         Orc: D:9-12

Altars:
Ashenzari
Cheibriados
Dithmenos
Elyvilon
Gozag
Hepliaklqana
Makhleb
Nemelex Xobeh
Okawaru
Qazlal
Ru
Sif Muna
Trog
Uskayaw
Vehumet
Wu Jian
Yredelemnul
Zin
The Shining One

Shops:
D:9 (

Annotations:
D:4 Blork the orc, Sigmund


Innate Abilities, Weirdness & Mutations

You have a pair of horns on your head.
You reflexively headbutt those who attack you in melee.


Message History

The kobold demonologist is severely wounded.
The orange demon stings you!
You are poisoned.
The orange demon poisons you! You block the orange demon's attack.
You block the gnoll's attack. The iguana bites you.
The kobold demonologist casts a spell.
You miss the kobold demonologist.
The kobold demonologist is severely wounded.
You feel very sick.
The orange demon stings you but does no damage.
The orange demon hits you.
You feel as though you will be weak longer.
Unknown command.
You hit the kobold demonologist.
Your headbutt misses the kobold demonologist.
The kobold demonologist is almost dead.
You feel very sick. The sixfirhy hits you! The sixfirhy shocks you!
* * * LOW HITPOINT WARNING * * *
The sixfirhy hits you but does no damage.
You block the kobold demonologist's attack.
The gnoll barely misses you. You block the orange demon's attack.
The orange demon hits you but does no damage.
The ynoxinul gestures.
You closely miss the kobold demonologist.
The kobold demonologist is almost dead.
You feel very sick. The sixfirhy hits you.
* * * LOW HITPOINT WARNING * * *
The sixfirhy shocks you!
* * * LOW HITPOINT WARNING * * *
You block the sixfirhy's attack.
The sixfirhy hits you but does no damage.
The gnoll barely misses you. You furiously retaliate!
You headbutt the gnoll, but do no damage.
The kobold demonologist hits you but does no damage.
You block the orange demon's attack.
The orange demon hits you but does no damage.
The sixfirhy hits you!
You die...

..#.#.......#..........#
..#)#.......#..........#
###)#########.......####
..).................#
....................#
#####...########555.#
....#...#......#35.5#
....#...#......#4K5##
....#...#......#@3l#
....#...#......g)[.#
....#.###......#...#####
....#.#......###.......#
....#.#......#.........#
#...#.#......#.........#
#...#.#....>.#.........#
#.###.########.........#
#.#........)...........#


You could see an orange demon (summoned), a kobold demonologist, a sixfirhy
(summoned), a ynoxinul (summoned), an iguana, an iron imp (summoned), a gnoll
and 5 ufetubi.

Vanquished Creatures
  A two-headed ogre (D:8)
  Pikel (D:7)
  A cyclops (D:8)
  Maggie (D:8)
  A gargoyle (D:9)
  A troll (D:9)
  Grinder (D:5)
  A shadow (D:10)
  6 yaks (D:9)
  A wyvern (D:9)
  A steam dragon (D:9)
  2 acid dragons (D:9)
  2 water moccasins
  A sky beast (D:7)
  An ice beast (D:6)
  2 black bears (D:6)
  3 orc warriors
  An ogre (D:5)
  5 centaurs
  A phantom (D:5)
  3 kobold brigands
  2 bullfrogs (D:8)
  4 scorpions
  A gnoll sergeant (D:9)
  11 wights
  3 killer bees (D:9)
  2 howler monkeys
  2 hounds
  3 orc priests
  A sleepcap (D:6)
  4 iguanas
  8 orc wizards
  12 gnolls
  10 adders
  A shadow imp (D:6)
  2 white imps
  An ufetubus (D:3)
  A worm (D:2)
  A dart slug (D:3)
  43 orcs
  4 ball pythons
  6 bats
  6 endoplasms
  6 giant cockroaches
  6 goblins
  8 hobgoblins
  6 jackals
  3 quokkas
  4 frilled lizards
  19 kobolds
  8 rats
225 creatures vanquished.

Vanquished Creatures (others)
  A kobold (D:10)
1 creature vanquished.

Grand Total: 226 creatures vanquished

Notes
Turn   | Place    | Note
-------+----------+-------------------------------------------
     0 | D:1      | Peloso the Minotaur Fighter began the quest for the Orb.
     0 | D:1      | Reached XP level 1. HP: 19/19 MP: 0/0
    53 | D:1      | Found a faded altar of an unknown god.
    90 | D:1      | You fall into a shaft and drop 1 floor!
   278 | D:2      | Reached XP level 2. HP: 25/27 MP: 1/1
   413 | D:2      | Reached XP level 3. HP: 33/33 MP: 2/2
  1743 | D:3      | Reached skill level 1 in Dodging
  1743 | D:3      | Reached XP level 4. HP: 40/40 MP: 3/3
  1767 | D:3      | Reached skill level 3 in Long Blades
  2411 | D:4      | Found a staircase to the Ecumenical Temple.
  2418 | Temple   | Entered the Ecumenical Temple
  2428 | Temple   | Reached XP level 5. HP: 36/46 MP: 4/4
  2470 | Temple   | Became a worshipper of Warmaster Okawaru
  2783 | D:4      | Reached skill level 5 in Armour
  2786 | D:4      | Reached skill level 4 in Long Blades
  2810 | D:4      | Noticed Sigmund
  2839 | D:5      | Entered Level 5 of the Dungeon
  2893 | D:4      | Reached XP level 6. HP: 41/53 MP: 5/5
  2961 | D:4      | Noticed Blork the orc
  3226 | D:5      | Reached skill level 5 in Long Blades
  3231 | D:5      | Reached * piety under Okawaru
  3391 | D:5      | Reached skill level 5 in Fighting
  3391 | D:5      | Reached skill level 5 in Shields
  3391 | D:5      | Reached XP level 7. HP: 42/61 MP: 6/6
  3552 | D:5      | Noticed Grinder
  3578 | D:5      | Paralysed by Grinder for 3 turns
  3590 | D:5      | Paralysed by Grinder for 3 turns
  3595 | D:5      | Killed Grinder
  3596 | D:5      | Reached skill level 6 in Long Blades
  4391 | D:5      | Reached XP level 8. HP: 65/69 MP: 7/7
  4401 | D:6      | Reached skill level 7 in Long Blades
  4417 | D:6      | Reached ** piety under Okawaru
  4812 | D:6      | Reached skill level 8 in Long Blades
  5415 | D:7      | Found a sparkling altar of Nemelex Xobeh.
  5461 | D:7      | Identified the +1 chain mail of Indecent Exposure {rN+}
  5640 | D:7      | Reached *** piety under Okawaru
  5641 | D:7      | Reached skill level 9 in Long Blades
  5644 | D:7      | Reached XP level 9. HP: 15/71 MP: 8/8
  5852 | D:7      | Noticed Pikel
  5877 | D:7      | Killed Pikel
  6514 | D:8      | Identified the +4 ring mail "Kyzoomig" {Drain rF- rN+
                  | Str+9}
  6555 | D:8      | Reached skill level 10 in Long Blades
  6804 | D:8      | Noticed a two-headed ogre
  6819 | D:8      | Killed a two-headed ogre
  6819 | D:8      | Reached **** piety under Okawaru
  6820 | D:8      | Reached skill level 11 in Long Blades
  6875 | D:8      | Noticed a cyclops
  6885 | D:8      | Killed a cyclops
  6886 | D:8      | Reached XP level 10. HP: 80/88 MP: 6/9
  6985 | D:8      | Noticed Maggie
  6998 | D:8      | Killed Maggie
  7754 | D:9      | Reached skill level 12 in Long Blades
  7974 | D:9      | Reached ***** piety under Okawaru
  7975 | D:9      | Reached skill level 10 in Armour
  8232 | D:9      | Reached skill level 10 in Shields
  8372 | D:9      | Found Lassoqaj's Antique Weapon Boutique.
  8756 | D:10     | Entered Level 10 of the Dungeon
  8756 | D:10     | Noticed a gargoyle
  8762 | D:9      | Killed a gargoyle
  8906 | D:9      | Identified the +0 ring mail of the Earth {rCorr Dex+3
                  | Stlth+} (Okawaru gifted it to you on level 9 of the
                  | Dungeon)
  8906 | D:9      | Received a gift from Okawaru
  9080 | D:9      | Noticed an orange demon
  9086 | D:9      | Noticed a sixfirhy
  9089 | D:9      | HP: 4/90 [sixfirhy[a kobold demonologist] (12)]
  9089 | D:9      | Mangled by a sixfirhy

Illustrated notes

Levels and vault maps discovered:
D:1:      onia_arrival_pyramid, layout_basic,
          hellmonk_ecumenical_altar_crossroads, minmay_pentomino_t2
D:2:      layout_basic
D:3:      minmay_diamond_boxcup, layout_rooms, grunt_ministairs_7,
          chequers_serial_rivers_room_a, minmay_misc_feat_tiny
D:4:      layout_basic, xom_redecorated, minmay_temple_entry_overgrown,
          uniq_sigmund, uniq_blork_the_orc
D:5:      layout_loops_corners, uniq_grinder
D:6:      layout_gridville, serial_rivers, chequers_serial_rivers_large_b,
          chequers_serial_rivers_micro_b, chequers_serial_rivers_marsh,
          chequers_serial_rivers_micro_b, hangedman_abyss_or_decor_stabs
D:7:      layout_layer_cave, nemelex_spade_bored_becter, uniq_pikel
D:8:      layout_gridville, minmay_manual_mullet, uniq_maggie
D:9:      layout_irregular_city, serial_shops,
          nicolae_shop_tiny_real_fake_doors, minmay_quadrilaterals
D:10:     layout_basic, mainiacjoe_overflow_catwalk,
          mainiacjoe_overflow_surrounded_room, lair_entry_dummy, st_stairs_10,
          minmay_lizard_king
Temple:   compressed_dpeg_circular_temple

Skill      XL: |  1  2  3  4  5  6  7  8  9 10 |
---------------+-------------------------------+-----
Fighting       | 4 5 6 7 8 |  8.4
Armour         | 4 5 7 8 9 10 | 10.5
Shields        | 4 5 6 7 11 | 11.1
Dodging        | 1 2 3 |  3.0
Long Blades    | 3 4 5 6 9 11 12 | 12.8
Stealth        | |  0.5
Invocations    | |  0.3

Action                     |  1- 3 |  4- 6 |  7- 9 | 10-12 || total
---------------------------+-------+-------+-------+-------++-------
  Melee: Long sword        |    95 |   152 |   281 |   263 ||   791
         Headbutt          |    16 |    21 |    59 |    63 ||   159
 Invoke: Heroism           |       |       |     2 |     1 ||     3
    Use: Potion            |     1 |     1 |       |       ||     2
         Scroll            |     7 |       |     2 |     5 ||    14
 Armour: Scale mail        |    32 |    50 |       |       ||    82
         Chain mail        |       |    23 |    22 |       ||    45
         Plate armour      |       |       |    84 |   105 ||   189
  Dodge: Dodged            |    42 |    85 |    63 |    60 ||   250
  Block: Buckler           |    59 |    81 |   117 |   161 ||   418
         Reflection        |     1 |     2 |    12 |     6 ||    21
